 Dungeon Crawl Stone Soup version 0.30-a0-586-g23e55c9e0a (webtiles) character file.

Game seed: 18196297583380041082

693 Citaku the Covered (level 7, 0/49 (54) HPs)
             Began as a Human Fighter on Jan 3, 2023.
             Slain by an iguana (4 damage)
             ... on level 4 of the Dungeon.
             The game lasted 00:08:19 (3768 turns).

Citaku the Covered (Human Fighter)                  Turns: 3768, Time: 00:08:19

HP:   0/49 (54)     AC: 15    Str: 17    XL:     7   Next: 96%
MP:   7/7           EV:  5    Int:  8    God:
Gold: 140           SH:  5    Dex: 14    Spells: 6/6 levels left

rFire   . . .      SeeInvis .    a - +0 war axe
rCold   . . .      Faith    .    c - +0 buckler
rNeg    . . .      Spirit   .    s - +0 plate armour
rPois   .          Reflect  .    (no helmet)
rElec   .          Harm     .    q - +1 cloak {rCorr}
rCorr   +          Rampage  .    (no gloves)
Will    .....                    r - +0 pair of boots Stlth
                                 b - amulet of the acrobat
HPRegen 0.28/turn                o - ring of flight
MPRegen 0.10/turn                (no ring)

@: flying, drained
A: no striking features
a: no special abilities


You were on level 4 of the Dungeon.
You visited 1 branch of the dungeon, and saw 4 of its levels.

You collected 140 gold pieces.

Inventory:

Hand Weapons
 a - a +0 war axe (weapon)
Armour
 c - a +0 buckler (worn)
 q - a +1 cloak of preservation (worn)
 r - a +0 pair of boots (worn)
 s - a +0 plate armour (worn)
Jewellery
 b - an amulet of the acrobat (around neck)
 o - a ring of flight (left hand)
 t - a ring of wizardry
Scrolls
 f - 4 scrolls of fog {unknown}
 g - 2 scrolls of noise {unknown}
 h - 4 scrolls of identify {unknown}
 k - a scroll of enchant armour {unknown}
 u - 2 scrolls of vulnerability {unknown}
 w - a scroll of immolation {unknown}
Potions
 d - a potion of might
 i - a potion of lignification {unknown}
 j - a potion of invisibility {unknown}
 l - a potion of berserk rage {unknown}
 m - a potion of curing {unknown}
 n - a potion of ambrosia {unknown}
 p - a potion of resistance {unknown}
 v - 3 potions of mutation {unknown}


   Skills:
 + Level 4.2 Fighting
 * Level 4.7 Axes
 * Level 5.2 Armour
 * Level 5.2 Shields


You had 6 spell levels left.
You didn't know any spells.
Your spell library contained the following spells:

 Spells                   Type           Power      Damage    Failure   Level
 Magic Dart               Conj           0%         1d3       100%        1
 Searing Ray              Conj           0%         2d4       100%        2
 Fulminant Prism          Conj/Hex       0%         3d5       100%        4


Dungeon Overview and Level Annotations

Branches:
Dungeon (4/15)
 Temple: D:4-7

Altars:
Cheibriados
Dithmenos
Vehumet

Annotations:
D:4 Blork the orc


Message History

You start resting.
A quokka comes into view.
You start resting.
A quokka is nearby!
The quokka misses you.
You slash the quokka!
You kill the quokka!
The iguana misses you. You block the iguana's attack.
You hit the iguana but do no damage.
The iguana is moderately wounded.
The iguana bites you but does no damage. x2
You hit the iguana but do no damage.
The iguana is moderately wounded.
The iguana bites you.
You hit the iguana.
The iguana is heavily wounded.
The iguana bites you.
You hit the iguana but do no damage.
The iguana is heavily wounded.
The iguana bites you but does no damage. x2
You barely miss the iguana.
The iguana is heavily wounded.
You block the iguana's attack.
You hit the iguana.
The iguana is severely wounded.
The iguana bites you but does no damage.
You completely miss the iguana.
The iguana is severely wounded.
The iguana barely misses you. The iguana bites you!
* * * LOW HITPOINT WARNING * * *
You closely miss the iguana.
The iguana is severely wounded.
The iguana bites you!
* * * LOW HITPOINT WARNING * * *
Okay, then.
Okay, then.
There is an escape hatch in the floor here.
The iguana bites you.
You die...

#.#.#.#......#........#.....# #
#.#.#.#......)........'.....# #
##.#........###........#.....####
............# #........#.....##..
............###........#.....#...
..............#...############...
..............#...# ###......
..............#...# #........
##.#..........#.@.# #........
##............#.l.#######........
....)..########.................#
####..#### #.................#
.........######..........########
######.#..##...########..#
.....#.##..#...# ##..##
####.#.###.#...######..##
.....#.# #.#............#####


You could see an iguana.

Vanquished Creatures
  Menkaure (D:4)
  Edmund (D:4)
  A black bear (D:4)
  An orc priest (D:4)
  Crazy Yiuf (D:2)
  An iguana (D:4)
  7 gnolls
  12 adders
  6 worms
  A dart slug (D:2)
  7 orcs (D:4)
  7 bats
  3 endoplasms
  2 giant cockroaches
  8 goblins
  7 hobgoblins
  5 jackals
  5 kobolds (D:2)
  4 quokkas
  8 ball pythons
  2 frilled lizards
  9 rats
99 creatures vanquished.

Vanquished Creatures (others)
  9 plants (D:2)
9 creatures vanquished.

Grand Total: 108 creatures vanquished

Notes
Turn   | Place    | Note
-------+----------+-------------------------------------------
     0 | D:1      | Citaku the Human Fighter began the quest for the Orb.
     0 | D:1      | Reached XP level 1. HP: 18/18 MP: 1/1
   128 | D:1      | Reached XP level 2. HP: 24/24 MP: 2/2
   210 | D:1      | Reached XP level 3. HP: 27/29 MP: 3/3
   926 | D:2      | Reached XP level 4. HP: 33/35 MP: 4/4
  1129 | D:2      | Reached XP level 5. HP: 39/41 MP: 5/5
  1655 | D:2      | Found a runed translucent door.
  1656 | D:2      | Noticed Crazy Yiuf
  1707 | D:2      | Killed Crazy Yiuf
  2159 | D:3      | Found a snail-covered altar of Cheibriados.
  2176 | D:3      | Reached XP level 6. HP: 47/47 MP: 6/6
  2196 | D:3      | Found a faded altar of an unknown god.
  2753 | D:4      | Noticed a black bear
  2770 | D:4      | Killed a black bear
  2771 | D:4      | Reached XP level 7. HP: 33/53 MP: 7/7
  2936 | D:4      | Noticed Menkaure
  2951 | D:4      | Killed Menkaure
  3306 | D:3      | Found a radiant altar of Vehumet.
  3306 | D:3      | Found a shadowy altar of Dithmenos.
  3470 | D:4      | Noticed Edmund
  3475 | D:4      | Reached skill level 5 in Armour
  3475 | D:4      | Reached skill level 5 in Shields
  3491 | D:4      | Killed Edmund
  3689 | D:4      | Noticed Blork the orc
  3768 | D:4      | Slain by an iguana

Illustrated notes

Levels and vault maps discovered:
D:1:      minmay_arrival_solitary_statue, layout_loops_ring, moated_statue,
          minmay_tetromino_o2
D:2:      layout_loops_ring, lexackson_kobold_supper, uniq_crazy_yiuf_cottage
D:3:      layout_rooms, nicolae_overflow_hidden_temple, basic_ecumenical_altar
D:4:      layout_basic, uniq_menkaure, uniq_edmund, uniq_blork_the_orc

Skill      XL: |  1  2  3  4  5  6  7 |
---------------+----------------------+-----
Axes           | 3 4 |  4.7
Shields        | 4 5 |  5.2
Armour         | 4 5 |  5.2
Fighting       | 4 |  4.2

Action                   |  1- 3 |  4- 6 |  7- 9 || total
-------------------------+-------+-------+-------++-------
Melee: War axe           |    76 |   184 |    59 ||   319
  Use: Scroll            |       |     1 |     1 ||     2
       Potion            |       |       |     1 ||     1
Armor: Scale mail        |    62 |    46 |       ||   108
       Skin              |       |    17 |       ||    17
       Plate armour      |       |   140 |    33 ||   173
Dodge: Dodged            |    44 |   103 |    19 ||   166
Block: Buckler           |    28 |    73 |    14 ||   115

Table legend: (Time is in decaauts)
 A = Elapsed time spent in this place.
 B = Non-inter-level travel time spent in this place.
 C = Inter-level travel time spent in this place.
 D = Time resting spent in this place.
 E = Time spent auto-exploring this place.
 F = Levels seen in this place.
 G = Mean time per level.
                   A        B        C        D        E       F      G
               +--------+--------+--------+--------+--------+-----+--------+
         Total |   3889 |   3889 |      0 |    273 |   2226 |   4 |  972.2 |
       Dungeon |   3889 |   3889 |      0 |    273 |   2226 |   4 |  972.2 |
               +--------+--------+--------+--------+--------+-----+--------+

Top non-repeatable levels by time:
     D:4: 1205 daAuts
     D:2: 1163 daAuts
     D:1: 828 daAuts
     D:3: 692 daAuts
